 Dungeon Crawl Stone Soup version 0.31-a0-237-g2d982f9f85 (webtiles) character file.

Game seed: 1047371026091852365

51 LeprechaunX the Insei (level 3, -1/23 HPs)
             Began as an Octopode Transmuter on July 11, 2023.
             Slain by a gnoll
             ... wielding a +0 flail
              (12 damage)
             ... on level 3 of the Dungeon.
             The game lasted 00:01:35 (1519 turns).

LeprechaunX the Insei (Octopode Transmuter)         Turns: 1519, Time: 00:01:36

Health: -1/23      AC:  1    Str: 11    XL:     3   Next: 83%
Magic:  6/6        EV: 13    Int: 15    God:
Gold:   131        SH:  0    Dex: 12    Spells: 5/6 levels left

rFire   . .          .
                       - Unarmed
rCold   . . .        (no shield)
rNeg    . . .        (helmet restricted)
rPois   .            (no amulet)
rElec   .            (no ring)
rCorr   .            (no ring)
SInv    .            (no ring)
Will    .....        (no ring)
Stlth   ++           (no ring)
HPRegen 0.23/turn    (no ring)
MPRegen 0.10/turn    (no ring)
                     (no ring)

%: no passive effects
@: no status effects
A: almost no armour, amphibious, 8 rings, camouflage 1, gelatinous body 1,
(nimble swimmer 1), tentacles
a: no special abilities


You were on level 3 of the Dungeon.
You visited 1 branch of the dungeon, and saw 3 of its levels.

You collected 131 gold pieces.

Inventory:

Missiles
 b - 3 poisoned darts
Jewellery
 n - a ring of flight
Wands
 k - a wand of flame (8)
Scrolls
 c - a scroll of teleportation {unknown}
 d - a scroll of vulnerability {unknown}
 f - a scroll of identify {unknown}
 h - a scroll of brand weapon {unknown}
 i - 2 scrolls of revelation {unknown}
 l - a scroll of noise {unknown}
 m - a scroll of blinking {unknown}
Potions
 a - a potion of lignification
 e - a potion of heal wounds {unknown}
 g - a potion of might {unknown}
 j - a potion of degeneration {unknown}


   Skills:
 + Level 1.5 Fighting
 + Level 2.3 Dodging
 * Level 3.5 Unarmed Combat
 + Level 2.3 Spellcasting
 * Level 2.6 Transmutations


You had 5 spell levels left.
You knew the following spells:

 Your Spells              Type           Power      Damage    Failure   Level
a - Beastly Appendage     Tmut           18%        N/A       8%          1

Your spell library contained the following spells:

 Spells                   Type           Power      Damage    Failure   Level
 Wereblood                Tmut           9%         N/A       11%         2
 Magic Dart               Conj           4%         1d3       22%         1
 Call Imp                 Summ           2%         N/A       32%         2
 Spider Form              Tmut/Pois      5%         N/A       36%         3
 Mephitic Cloud           Conj/Pois/Air  1%         N/A       54%         3
 Ice Form                 Ice/Tmut       5%         N/A       77%         4


Dungeon Overview and Level Annotations

Branches:
Dungeon (3/15)

Altars:


Innate Abilities, Weirdness & Mutations

You cannot wear most types of armour.
You are amphibious.
You can wear up to eight rings at the same time.
Your skin changes colour to match your surroundings (Stealth+).
Your rubbery body absorbs attacks. (AC +1, EV +1)
((You are camouflaged when in or above water. (Stealth+)))
You have tentacles for arms and can constrict up to eight enemies at once.


Message History

You tentacle-slap the gnoll.
You kill the gnoll!
No target in view!
Things that are here:
a +0 whip; a gnoll corpse The goblin shouts!
The gnoll shouts!
The gnoll shouts!
You tentacle-slap the gnoll. Your grab misses the gnoll.
Your squeeze misses the gnoll.
The gnoll is heavily wounded.
The gnoll hits you with a +0 flail!
Ouch! That really hurt!
You are too injured to fight recklessly!
You are too injured to fight recklessly!
You are too injured to fight recklessly!
You are too injured to fight recklessly!
You are too injured to fight recklessly!
You are too injured to fight recklessly!
You are too injured to fight recklessly!
You are too injured to fight recklessly!
You are too injured to fight recklessly!
You are too injured to fight recklessly!
You are too injured to fight recklessly!
You are too injured to fight recklessly!
You are too injured to fight recklessly!
You are too injured to fight recklessly!
You are too injured to fight recklessly!
You are too injured to fight recklessly!
You are too injured to fight recklessly!
You are too injured to fight recklessly!
You are too injured to fight recklessly!
You are too injured to fight recklessly!
You are too injured to fight recklessly!
You are too injured to fight recklessly!
You are too injured to fight recklessly!
You are too injured to fight recklessly!
The gnoll attacks as you move away! The gnoll hits you with a +0 flail!
Ouch! That really hurt!
You die...

.##.......#### ###
#####..(.## ##...
.###..#<.# #...
#.#......# #..#
#.......## #..# ####..>##
####..##### #...#
#.........#.# #...#
#.#.........# #...#
#.#..@..#.## #...#
#.#.##g.# #
####...#####)#.##gg#.#
.....†...............##
.......................
.............#......###..
####...#######.#..#.# .
#...# #.#..#.# #.....
#.##...#


You could see 2 gnolls and a goblin.

Vanquished Creatures
  A gnoll (D:3)
  An adder (D:3)
  An orc (D:3)
  2 endoplasms
  2 giant cockroaches (D:2)
  5 hobgoblins
  4 kobolds
  3 ball pythons
  5 bats
  4 frilled lizards
  2 goblins (D:1)
  2 rats
32 creatures vanquished.

Notes
Turn   | Place    | Note
-------+----------+-------------------------------------------
     0 | D:1      | LeprechaunX the Octopode Transmuter began the quest for the
                  | Orb.
     0 | D:1      | Reached XP level 1. HP: 13/13 MP: 3/3
   330 | D:1      | Reached XP level 2. HP: 17/18 MP: 5/5
  1139 | D:2      | Reached XP level 3. HP: 23/23 MP: 6/6
  1519 | D:3      | Slain by a gnoll

Illustrated notes

Levels and vault maps discovered:
D:1:      lemuel_arrival_room, layout_loops_corners,
          chequers_serial_rivers_micro_e
D:2:      layout_rooms
D:3:      layout_loops_cross, basic_ecumenical_altar, supply_closet_lemuel

Action                     || total
---------------------------++-------
  Melee: Unarmed           ||    75
         Tentacles         ||    16
         Constrict         ||    17
         Punch             ||     1
   Stab: Sleeping          ||     5
 Armour: Skin              ||     4
  Dodge: Dodged            ||    40

Table legend: (Time is in decaauts)
 A = Elapsed time spent in this place.
 B = Non-inter-level travel time spent in this place.
 C = Inter-level travel time spent in this place.
 D = Time resting spent in this place.
 E = Time spent auto-exploring this place.
 F = Levels seen in this place.
 G = Mean time per level.
                   A        B        C        D        E       F      G
               +--------+--------+--------+--------+--------+-----+--------+
         Total |   1514 |   1478 |     36 |      0 |   1244 |   3 |  504.7 |
       Dungeon |   1514 |   1478 |     36 |      0 |   1244 |   3 |  504.7 |
               +--------+--------+--------+--------+--------+-----+--------+

Top non-repeatable levels by time:
     D:1: 782 daAuts
     D:2: 478 daAuts
     D:3: 252 daAuts
